 Dungeon Crawl Stone Soup version 0.31-a0-1338-gb567cfdca4 (webtiles) character file.

Game seed: 9787793424259540318

2415 IdlyInterested the Trooper (level 9, -8/69 (72) HPs)
             Began as a Demonspawn Fighter on Dec 21, 2023.
             Mangled by a wight
             ... wielding a +0 war axe
              (11 damage)
             ... on level 7 of the Dungeon.
             The game lasted 00:20:06 (6259 turns).

IdlyInterested the Trooper (Demonspawn Fighter)     Turns: 6259, Time: 00:20:06

HP:   -8/69 (72)    AC: 13    Str: 19    XL:     9   Next: 23%
MP:   9/9           EV: 13    Int:  8    God:
Gold: 370           SH:  9    Dex: 15    Spells: 8/8 levels left

rFire   . . .        j - +1 whip (pain)
rCold   . . .        b - +0 buckler
rNeg    . . .        B - +0 chain mail
rPois   .            (no helmet)
rElec   .            u - +0 cloak
rCorr   .            (no gloves)
SInv    .            F - +0 pair of boots
Will    +....        (no amulet) Stlth
                     d - +5 ring of evasion
HPRegen 0.31/turn    y - ring of willpower
MPRegen 0.11/turn

%: no passive effects
@: mighty, lightly drained
A: molten scales 1, spiny 1, condensation shield, weakness stinger 2, wild magic
1
a: no special abilities


You were on level 7 of the Dungeon.
You visited 2 branches of the dungeon, and saw 8 of its levels.

You collected 370 gold pieces.

Inventory:

Hand Weapons
 j - a +1 whip of pain (weapon)
 k - a +0 trident
 x - a +2 heavy flail
 J - a +0 flail
Missiles
 g - 44 stones
 m - 3 poisoned darts (quivered)
 p - a throwing net
Armour
 b - a +0 buckler (worn)
 r - the +0 ring mail of Ziahor {Int+4}
   (You found it on level 2 of the Dungeon)

   Int+4:     It affects your intelligence (+4).
 u - a +0 cloak (worn)
 B - a +0 chain mail (worn)
 F - a +0 pair of boots (worn)
Magical Staves
 D - a staff of earth
Jewellery
 d - a +5 ring of evasion (left hand)
 f - a ring of positive energy
 q - a ring of ice
 y - a ring of willpower (right hand)
 A - a +6 ring of intelligence
Talismans
 l - a flux talisman
Wands
 v - a wand of paralysis (1)
 E - a wand of mindburst (12)
Scrolls
 i - 2 scrolls of enchant weapon
 o - 3 scrolls of teleportation
 w - a scroll of fog
 H - a scroll of vulnerability
 I - a scroll of revelation
 M - a scroll of blinking
Potions
 h - a potion of resistance
 n - a potion of lignification
 s - a potion of magic {unknown}
 t - a potion of degeneration {unknown}
 z - a potion of mutation
 G - a potion of enlightenment {unknown}


   Skills:
 + Level 7.4 Fighting
 * Level 3.8 Maces & Flails
 - Level 3.0 Throwing
 - Level 3.0 Armour
 - Level 3.0 Dodging
 - Level 3.0 Stealth
 + Level 4.7 Shields
 - Level 3.0 Unarmed Combat
 - Level 3.0 Evocations
 - Level 3.0 Shapeshifting


You had 8 spell levels left.
You didn't know any spells.
Your spell library contained the following spells:

 Spells                   Type           Power      Damage    Failure   Level
 Shock                    Conj/Air       0%         1d3       99%         1
 Blink                    Tloc           0%         N/A       100%        2
 Lesser Beckoning         Tloc           0%         N/A       100%        2
 Momentum Strike          Conj/Tloc      0%         3d8       100%        2
 Swiftness                Air            0%         N/A       100%        3
 Airstrike                Air            0%         2d(0-16)  100%        4


Dungeon Overview and Level Annotations

Branches:
Dungeon (7/15)             Temple (1/1) D:5

Altars:
Cheibriados
Dithmenos
Gozag
Hepliaklqana
Makhleb
Nemelex Xobeh
Okawaru
Qazlal
Sif Muna
Trog
Vehumet
Wu Jian
Xom
Yredelemnul


Innate Abilities, Weirdness & Mutations

You are partially covered in molten scales. (AC +2)
You are partially covered in sharp spines.
A meltable shield of frost defends you. (SH +4)
You have a tail ending in a sharp stinger.
Your spells are a little harder to cast, but a little more powerful.


Message History

You hit the wight.
The wight is heavily damaged.
You block the wight's attack.
You whack the wight!
Your tail-slap misses the wight.
The wight is almost destroyed.
The wight hits you but does no damage.
You hit the wight.
You destroy the wight!
Your life force feels restored.
Items here: $ )) [.
You barely miss the wight. You completely miss the wight.
The wight barely misses you.
You hit the wight but do no damage.
Your tail-slap misses the wight.
The wight misses you.
You hit the wight. You tail-slap the wight.
The wight is moderately damaged.
You block the wight's attack.
You hit the wight but do no damage.
The wight is moderately damaged.
The wight hits you with a +0 war axe.
* * * LOW HITPOINT WARNING * * *
You feel drained.
* * * LOW HITPOINT WARNING * * *
You hit the wight.
The wight is heavily damaged.
The wight hits you with a +0 war axe.
* * * LOW HITPOINT WARNING * * *
You feel drained.
A wight comes into view. It is wielding a +4 dagger.
You hit the wight.
The wight is heavily damaged.
The wight is struck by your spines. The wight misses you.
The wight throws a stone.
The stone hits you.
* * * LOW HITPOINT WARNING * * *
You barely miss the wight. You tail-slap the wight.
The wight is almost destroyed.
The wight barely misses you.
You feel very mighty all of a sudden. The wight hits you with a +0 war axe!
You die...

..# #..# #..# #..#
##### #..# ##.(.##
#..# #.....#####..#
#....((zz@.z.######
#.....#####........
..#
....#...#####..#######
#.# .......g......#.#
#.# ....g.##.######..#
#.# .g.... ..........#
##.## .g...
#########.## ##...#
.g... #.#### ##.....
#....# #....[.


You could see 3 wights.

Vanquished Creatures
  Grinder (D:6)
  A wyvern (D:7)
  Edmund (D:6)
  2 water moccasins
  2 ice beasts (D:5)
  An ogre (D:6)
  3 phantoms
  A bullfrog (D:7)
  3 scorpions
  6 wights (D:7)
  A jelly (D:5)
  3 gnoll boudas (D:7)
  4 hounds
  Crazy Yiuf (D:2)
  A sleepcap (D:5)
  2 iguanas
  An orc wizard (D:4)
  19 gnolls
  4 adders
  2 shadow imps
  2 bombardier beetles
  4 ufetubi (D:7)
  2 worms (D:2)
  3 dart slugs
  8 orcs
  3 endoplasms
  5 goblins
  7 hobgoblins
  5 jackals
  7 kobolds
  4 quokkas
  8 ball pythons
  7 bats
  3 frilled lizards
  7 rats
134 creatures vanquished.

Notes
Turn   | Place    | Note
-------+----------+-------------------------------------------
     0 | D:1      | IdlyInterested the Demonspawn Fighter began the quest for
                  | the Orb.
     0 | D:1      | Reached XP level 1. HP: 18/18 MP: 1/1
   234 | D:1      | Gained mutation: You are partially covered in sharp spines.
                  | [demonic ancestry]
   234 | D:1      | Reached XP level 2. HP: 24/24 MP: 2/2
  1201 | D:1      | Reached XP level 3. HP: 29/29 MP: 3/3
  1347 | D:2      | Reached skill level 1 in Throwing
  1527 | D:2      | Identified the +0 ring mail of Ziahor {Int+4}
  1619 | D:2      | Reached skill level 1 in Dodging
  1619 | D:2      | Gained mutation: You are partially covered in molten
                  | scales. (AC +2) [demonic ancestry]
  1619 | D:2      | Reached XP level 4. HP: 34/37 MP: 4/4
  1757 | D:2      | Found a faded altar of an unknown god.
  1840 | D:2      | Found a runed translucent door.
  1841 | D:2      | Noticed Crazy Yiuf
  1968 | D:2      | Killed Crazy Yiuf
  1969 | D:2      | Reached skill level 4 in Fighting
  1969 | D:2      | Reached skill level 1 in Stealth
  2582 | D:3      | Reached skill level 1 in Shapeshifting
  3026 | D:4      | Found an opulent altar of Gozag.
  3366 | D:4      | Reached skill level 1 in Evocations
  3366 | D:4      | Reached XP level 5. HP: 43/43 MP: 5/5
  3750 | D:5      | Entered Level 5 of the Dungeon
  3825 | D:5      | Gained mutation: A meltable shield of frost defends you.
                  | (SH +4) [demonic ancestry]
  3825 | D:5      | Reached XP level 6. HP: 50/50 MP: 6/6
  3969 | D:5      | Found a staircase to the Ecumenical Temple.
  3978 | Temple   | Entered the Ecumenical Temple
  3999 | D:5      | Reached skill level 5 in Fighting
  4059 | D:5      | Noticed an ice beast
  4075 | D:5      | Killed an ice beast
  4101 | D:5      | Found a burning altar of Makhleb.
  4164 | D:5      | Noticed an ice beast
  4188 | D:5      | Killed an ice beast
  4189 | D:5      | Reached XP level 7. HP: 5/57 MP: 7/7
  4556 | D:5      | Reached skill level 6 in Fighting
  5186 | D:6      | Noticed Edmund
  5201 | D:6      | Killed Edmund
  5310 | D:6      | Noticed Grinder
  5328 | D:6      | Killed Grinder
  5329 | D:6      | Reached skill level 7 in Fighting
  5329 | D:6      | Gained mutation: You have a small tail. [demonic ancestry]
  5329 | D:6      | Reached XP level 8. HP: 39/67 MP: 8/8
  5511 | D:6      | Reached skill level 1 in Maces & Flails
  5688 | D:6      | Gained mutation: Your spells are a little harder to cast,
                  | but a little more powerful. [potion of mutation]
  6056 | D:7      | Gained mutation: You have a tail ending in a sharp stinger.
                  | [demonic ancestry]
  6056 | D:7      | Reached XP level 9. HP: 62/72 MP: 9/9
  6257 | D:7      | HP: 3/69 [wight/stone (4)]
  6259 | D:7      | Mangled by a wight

Illustrated notes

Levels and vault maps discovered:
D:1:      amcnicky_arrival_single_pillar, layout_loops_corners,
          serial_co_window_serial, co_window_paths_b, co_window_paths_a,
          co_window_of_opportunity_a, co_window_paths_b, co_window_paths_a,
          co_window_paths_b, co_window_paths_b, co_window_broadway_b,
          co_window_2corner, co_window_broadway_a, co_window_2corner,
          co_window_broadway_b, co_window_unsneaky_path_c
D:2:      layout_rooms, shapermc_ecumenical_altar_notcrosses,
          hangedman_feature_mirror, uniq_crazy_yiuf_cottage
D:3:      layout_loops_ring, good_gods_mini_temple, palyth_stone_intersect
D:4:      layout_basic, mainiacjoe_overflow_concentric_impassable,
          minmay_misc_feat_nine_boxes, hex_tiny
D:5:      layout_layer_cave, mainiacjoe_overflow_catwalk,
          minmay_temple_entry_gardened_gates
D:6:      layout_rooms, kennysheep_generic_room_11, uniq_edmund, uniq_grinder
D:7:      layout_loops_ring, dancing_weapons_uskayaw, grunt_ministairs_3,
          nicolae_zen_rock_garden
Temple:   hellmonk_temple_forest_ring

Skill      XL: |  1  2  3  4  5  6  7  8  9 |
---------------+----------------------------+-----
Unarmed Combat | 2 3 |  3.0
Armour         | 3 |  3.0
Shields        | 3 4 |  4.7
Throwing       | 1 3 |  3.0
Dodging        | 1 3 |  3.0
Fighting       | 4 5 7 |  7.4
Stealth        | 1 3 |  3.0
Shapeshifting  | 1 3 |  3.0
Evocations     | 1 3 |  3.0
Maces & Flails | 2 3 |  3.8

Action                     |  1- 3 |  4- 6 |  7- 9 || total
---------------------------+-------+-------+-------++-------
  Melee: Unarmed           |    48 |    14 |       ||    62
         Whip              |    59 |   153 |   288 ||   500
         Tailslap          |       |       |    44 ||    44
  Throw: Stone             |       |       |     9 ||     9
         Dart              |       |       |     4 ||     4
  Evoke: Wand              |       |       |     4 ||     4
    Use: Scroll            |       |     3 |     4 ||     7
         Potion            |       |     2 |     5 ||     7
   Stab: Paralysed         |       |       |     8 ||     8
 Armour: Scale mail        |    30 |       |       ||    30
         Ring mail         |     3 |    17 |       ||    20
         Chain mail        |       |    80 |   128 ||   208
         Skin              |       |     1 |       ||     1
  Dodge: Dodged            |    55 |    75 |   134 ||   264
  Block: Buckler           |    32 |    32 |   123 ||   187

Table legend: (Time is in decaauts)
 A = Elapsed time spent in this place.
 B = Non-inter-level travel time spent in this place.
 C = Inter-level travel time spent in this place.
 D = Time resting spent in this place.
 E = Time spent auto-exploring this place.
 F = Levels seen in this place.
 G = Mean time per level.
                   A        B        C        D        E       F      G
               +--------+--------+--------+--------+--------+-----+--------+
         Total |   6293 |   5924 |    369 |    976 |   3565 |   8 |  786.6 |
       Dungeon |   6291 |   5922 |    369 |    976 |   3565 |   7 |  898.7 |
        Temple |      1 |      1 |      0 |      0 |      0 |   1 |    1.0 |
               +--------+--------+--------+--------+--------+-----+--------+

Top non-repeatable levels by time:
     D:5: 1424 daAuts
     D:1: 1367 daAuts
     D:2: 820 daAuts
     D:4: 812 daAuts
     D:3: 762 daAuts
     D:6: 688 daAuts
     D:7: 415 daAuts
  Temple: 1 daAuts
